 Dungeon Crawl Stone Soup version 0.22.1-6-g1668fe2c40 (webtiles) character file.

2202 McIrco the Shield-Bearer (level 9, -1/75 HPs)
             Began as a Demonspawn Fighter on Jan 18, 2019.
             Was a Follower of Okawaru.
             Slain by an orc warrior
             ... wielding a +0 halberd
              (22 damage)
             ... on level 6 of the Dungeon.
             The game lasted 00:14:01 (6325 turns).

McIrco the Shield-Bearer (Demonspawn Fighter)       Turns: 6325, Time: 00:14:01

Health: -1/75      AC: 12    Str: 16    XL:     9   Next: 12%
Magic:  9/9        EV: 10    Int: 10    God:    Okawaru [*.....]
Gold:   397        SH: 12    Dex: 19    Spells: 8/8 levels left

rFire    + . .     SeeInvis .   v - +2 rapier (vamp)
rCold    . . .     Gourm    .   c - +1 shield
rNeg     . . .     Faith    .   b - +0 scale mail
rPois    .         Spirit   .   (no helmet)
rElec    .         Reflect  .   p - +0 cloak
rCorr    .         Harm     .   (no gloves)
MR       .....                  (no boots)
Stlth    ..........             (no amulet)
HPRegen  0.22/turn              j - ring of protection from fire
MPRegen  0.11/turn              q - +3 ring of dexterity

@: no status effects
A: talons 1, molten scales 2, powered by death 1, robust 1, rot immunity
a: Heroism, Renounce Religion


You were on level 6 of the Dungeon.
You worshipped Okawaru.
Okawaru was aware of your devotion.
You were not hungry.

You visited 2 branches of the dungeon, and saw 8 of its levels.

You collected 397 gold pieces.

Inventory:

Hand Weapons
 a - a +1 long sword
 v - a +2 vampiric rapier (weapon)
Missiles
 r - 8 curare-tipped needles
Armour
 b - a +0 scale mail (worn)
 c - a +1 shield (worn)
 p - a +0 cloak (worn)
Jewellery
 j - a ring of protection from fire (left hand)
 o - an uncursed ring of fire
 q - a +3 ring of dexterity (right hand)
 z - a +1 ring of evasion {unknown}
Wands
 w - a wand of iceblast (12)
 x - a wand of random effects (17)
Scrolls
 e - 4 scrolls of teleportation
 i - 6 scrolls of identify
 l - 2 scrolls of enchant armour
 m - 2 scrolls of remove curse
 t - a scroll of magic mapping
 u - a scroll of amnesia {unknown}
 y - a scroll of fog
 A - a scroll of fear {unknown}
Potions
 d - a potion of might
 g - 3 potions of brilliance {unknown}
 h - a potion of heal wounds
 k - 2 potions of agility {unknown}
 n - a potion of resistance {unknown}
 s - 3 potions of curing
Comestibles
 f - 6 rations


   Skills:
 - Level 5.7 Fighting
 + Level 3.0(3.2) Short Blades
 - Level 1.7(2.6) Long Blades
 - Level 6.5 Armour
 - Level 3.9 Dodging
 - Level 6.8 Shields


You had 8 spell levels left.
You didn't know any spells.
Your spell library was empty.

Dungeon Overview and Level Annotations

Branches:
Dungeon (7/15)             Temple (1/1) D:7

Altars:
Ashenzari
Cheibriados
Dithmenos
Elyvilon
Fedhas
Gozag
Hepliaklqana
Kikubaaqudgha
Makhleb
Nemelex Xobeh
Okawaru
Qazlal
Ru
Sif Muna
Trog
Uskayaw
Vehumet
Wu Jian
Xom
Yredelemnul
Zin
The Shining One


Innate Abilities, Weirdness & Mutations

You have sharp toenails.
You are mostly covered in molten scales. (AC +3)
You regenerate a little health from kills.
You are robust. (+10% HP)
You are immune to rotting.


Message History

You hit the orc warrior but do no damage.
Your kick misses the orc warrior. You block the orc warrior's attack.
The orc priest misses you.
Your scale mail prevents you from hitting the orc warrior.
Your kick misses the orc warrior. You block the orc priest's attack.
The orc warrior hits you with a halberd.
You hit the orc warrior but do no damage.
The orc priest calls down the wrath of Beogh upon you.
Pain shoots through your body!
The orc warrior hits you with a halberd!
* * * LOW HITPOINT WARNING * * *
You are too injured to fight recklessly!
You are too injured to fight recklessly!
Unknown command.
Unknown command.
You hit the orc warrior. Your kick misses the orc warrior.
The orc warrior is lightly wounded.
You block the orc priest's attack.
The orc warrior hits you with a halberd!!
You die...

.........##.# ##...♣♣*,..,*,,*
..###.......# #...PP♣#.?.,*,,*
......#.##########.....#Kg.,+,,*
...#..#.##.....###....)#go.,+,,*
...#..#.##.....##..PPPP#h..,*,,*
.)....#.>......##...♣P♣#...,*,,*
.#.#.#####.....###.PP♣♣*,}$,*,,*
.#.#.# #.....(.#†.♣P♣*,,,,*,,*
.....# #######@#..PP♣#,,,,*,,*
.##..##### #oo.....######,,#
.##......## *#.......'....#,.#
..........# #........'.>.o#..#
##.#.###..#####........'...))..#
#.###.................♣######''#
##.#.###..########..PPPP,*,,,).#
....####..# #...♣PP**,,,,$#
###.......# ##.PPPP♣*,,,,.#


You could see an orc warrior and an orc priest.

Vanquished Creatures
  Sigmund (D:5)
  Eustachio (D:4)
  Duvessa (D:4)
  An orc warrior (D:6)
  2 sky beasts (D:6)
  3 ogres (D:4)
  2 centaurs (D:6)
  2 bullfrogs (D:6)
  Dowan (D:4)
  A quasit (D:5)
  2 gnoll shamans (D:6)
  3 jellies
  5 hounds
  An iguana (D:6)
  4 orc wizards
  5 worker ants
  A hound skeleton (D:3)
  10 gnolls
  14 adders
  An ooze (D:3)
  An adder zombie (D:5)
  5 worms
  4 dart slugs
  7 leopard geckos
  6 orcs
  2 ball pythons
  8 bats
  A giant cockroach (D:4)
  5 goblins
  9 hobgoblins
  8 jackals
  6 quokkas
  5 frilled lizards
  A jackal skeleton (D:5)
  9 kobolds
  A quokka skeleton (D:4)
  A quokka zombie (D:6)
  6 rats
146 creatures vanquished.

Vanquished Creatures (others)
  3 plants (D:6)
3 creatures vanquished.

Grand Total: 149 creatures vanquished

Notes
Turn   | Place    | Note
-------+----------+-------------------------------------------
     0 | D:1      | McIrco the Demonspawn Fighter began the quest for the Orb.
     0 | D:1      | Reached XP level 1. HP: 18/18 MP: 1/1
    67 | D:1      | Gained mutation: You regenerate a little health from kills.
                  | [demonic ancestry]
    67 | D:1      | Reached XP level 2. HP: 20/24 MP: 2/2
   455 | D:1      | Gained mutation: You are partially covered in molten
                  | scales. (AC +2) [demonic ancestry]
   455 | D:1      | Reached XP level 3. HP: 18/29 MP: 3/3
   882 | D:2      | Reached skill level 1 in Dodging
   882 | D:2      | Gained mutation: You have sharp toenails. [demonic
                  | ancestry]
   882 | D:2      | Reached XP level 4. HP: 17/35 MP: 4/4
  1434 | D:2      | Found a radiant altar of Vehumet.
  1437 | D:2      | Found a white marble altar of Elyvilon.
  1438 | D:2      | Found a basalt altar of Yredelemnul.
  1450 | D:2      | Found a hide-covered altar of Uskayaw.
  1464 | D:2      | Found a glowing golden altar of the Shining One.
  1687 | D:3      | Reached XP level 5. HP: 39/42 MP: 5/5
  1704 | D:3      | Found an ornate altar of the Wu Jian Council.
  2195 | D:4      | Reached XP level 6. HP: 41/48 MP: 6/6
  2289 | D:4      | Found a shattered altar of Ashenzari.
  2796 | D:4      | Noticed Eustachio
  3286 | D:4      | Found a burning altar of Makhleb.
  3342 | D:4      | Killed Eustachio
  3342 | D:4      | Reached skill level 5 in Shields
  3342 | D:4      | Gained mutation: You are mostly covered in molten scales.
                  | (AC +3) [demonic ancestry]
  3342 | D:4      | Reached XP level 7. HP: 9/55 MP: 7/7
  3613 | D:4      | Noticed Duvessa
  3613 | D:4      | Noticed Dowan
  3753 | D:4      | Killed Duvessa
  3918 | D:4      | Killed Dowan
  3957 | D:4      | Reached skill level 5 in Fighting
  4255 | D:5      | Entered Level 5 of the Dungeon
  4255 | D:5      | Noticed Sigmund
  4397 | D:5      | Killed Sigmund
  4397 | D:5      | Reached skill level 5 in Armour
  4397 | D:5      | Gained mutation: You are immune to rotting. [demonic
                  | ancestry]
  4397 | D:5      | Reached XP level 8. HP: 62/62 MP: 8/8
  4643 | D:5      | Found a sparkling altar of Nemelex Xobeh.
  5418 | D:6      | HP: 1/63 [hobgoblin (4)]
  5734 | D:7      | Found a staircase to the Ecumenical Temple.
  5746 | Temple   | Entered the Ecumenical Temple
  5809 | Temple   | Became a worshipper of Warmaster Okawaru
  6036 | D:6      | Reached skill level 1 in Short Blades
  6036 | D:6      | Gained mutation: You are robust. (+10% HP) [demonic
                  | ancestry]
  6036 | D:6      | Reached XP level 9. HP: 20/75 MP: 9/9
  6318 | D:6      | Reached * piety under Okawaru
  6325 | D:6      | Slain by an orc warrior

Skill      XL: |  1  2  3  4  5  6  7  8  9 |
---------------+----------------------------+-----
Armour         | 3 4 5 6 |  6.5
Shields        | 3 4 5 6 |  6.8
Dodging        | 1 2 3 |  3.9
Fighting       | 4 5 |  5.7
Short Blades   | 1 3 |  3.0
Long Blades    | |  1.7

Action                   |  1- 3 |  4- 6 |  7- 9 || total
-------------------------+-------+-------+-------++-------
Melee: Long sword        |   155 |   189 |    34 ||   378
       Kick              |       |    58 |   112 ||   170
       Rapier            |       |       |   255 ||   255
  Use: Scroll            |       |     9 |     1 ||    10
  Eat: Chunk             |       |     8 |     5 ||    13
       Ration            |       |       |     3 ||     3
Armor: Scale mail        |    95 |   115 |   112 ||   322
Dodge: Dodged            |    47 |    80 |   109 ||   236
Block: Shield            |    85 |   150 |   193 ||   428
       Rpst.: Long sword |    20 |    33 |     5 ||    58
